 Dungeon Crawl Stone Soup version 0.30-b1-2-g02819fbbbe (webtiles) character file.

Game seed: 8478786666015786205

200 suse60 the Magician (level 6, -2/40 HPs)
             Began as a Djinni Fire Elementalist on Dec 26, 2023.
             Slain by a river rat (4 damage)
             ... in a sewer.
             The game lasted 00:24:47 (2185 turns).

suse60 the Magician (Djinni Fire Elementalist)      Turns: 2185, Time: 00:24:48

Health: -2/40      AC:  3    Str:  7    XL:     6   Next: 7%
Gold:   92         EV: 12    Int: 19    God:
                   SH:  0    Dex: 13

rFire   + + .        f - +3 short sword (protect)
rCold   x . .        (no shield)
rNeg    . . .        a - +0 robe
rPois   ∞            k - +0 helmet
rElec   .            (no cloak)
rCorr   .            (no gloves)
SInv    .            (boots unavailable)
Will    .....        (no amulet)
Stlth   ++           (no ring)
HPRegen 0.26/turn    (no ring)
MPRegen 0.00/turn

%: infuse magic (-3 HP)
@: flying
A: sickness immunity, fire resistance 2, cold vulnerability 1, float, innate
caster, HP casting, extra vitality 1
a: no special abilities


You were in a sewer.
You visited 1 branch of the dungeon, and saw 3 of its levels.
You also visited: Sewer.

You collected 92 gold pieces.

Inventory:

Hand Weapons
 f - a +3 short sword of protection (weapon)
Armour
 a - a +0 robe (worn)
 k - a +0 helmet (worn)
Scrolls
 b - a scroll of identify
 c - a scroll of teleportation
 d - 2 scrolls of immolation {unknown}
 i - a scroll of poison {unknown}
 j - a scroll of silence {unknown}
Potions
 e - a potion of curing
 g - a potion of haste
 h - 2 potions of mutation


   Skills:
 - Level 2.8 Dodging
 - Level 2.2 Stealth
 + Level 4.4 Spellcasting


You knew the following spells:

 Your Spells              Type           Power      Damage    Failure   Level
a - Foxfire               Conj/Fire      84%        2x1d8     2%          1
b - Scorch                Fire           42%        2d6       3%          2
c - Volatile Blastmotes   Fire/Tloc      42%        2d13      6%          3
d - Inner Flame           Hex/Fire       21%        N/A       6%          3
e - Flame Wave            Conj/Fire      21%        2d8       22%         4
f - Shock                 Conj/Air       84%        1d8       2%          1
g - Ensorcelled Hibernat  Hex/Ice        42%        N/A       3%          2
Your spell library was empty.

Dungeon Overview and Level Annotations

Branches:
Dungeon (3/15)              Sewer (1/1)

Altars:

Shops:
D:1 [


Innate Abilities, Weirdness & Mutations

You are immune to sickness and miasma.
You are immune to poison.
Your flesh is very heat resistant. (rF++)
You are vulnerable to cold. (rC-)
You float through the air rather than walking.
You learn spells naturally, not from books.
Your magical power is your life essence.
You have superior vitality. (+4 MHP)


Message History

The river rat is heavily wounded.
The river rat barely misses you.
Casting: Foxfire (safe; 2% risk of failure)
Confirm with . or Enter, or press ? or * to list all spells.
You conjure some foxfire!
The river rat barely misses you. The river rat bites you.
The foxfire hits the river rat.
The river rat is heavily wounded.
The foxfire hits the river rat but does no damage.
The river rat is heavily wounded.
The river rat bites you but does no damage.
Casting: Foxfire (safe; 2% risk of failure)
Confirm with . or Enter, or press ? or * to list all spells.
You conjure some foxfire!
The foxfire hits the river rat but does no damage.
The river rat is moderately wounded.
The river rat bites you.
* * * LOW HITPOINT WARNING * * *
The river rat barely misses you.
Casting: Foxfire (safe; 2% risk of failure)
Confirm with . or Enter, or press ? or * to list all spells.
You conjure some foxfire!
* * * LOW HITPOINT WARNING * * *
The foxfire hits the river rat.
The river rat is heavily wounded.
The river rat bites you but does no damage.
The river rat bites you!
* * * LOW HITPOINT WARNING * * *
Unknown command.
You feel better.
The foxfire hits the river rat.
The river rat is almost dead.
The river rat barely misses you. x2; The river rat misses you.
Casting: Foxfire (safe; 2% risk of failure)
Confirm with . or Enter, or press ? or * to list all spells.
You conjure some foxfire!
* * * LOW HITPOINT WARNING * * *
The river rat barely misses you. The river rat bites you.
* * * LOW HITPOINT WARNING * * *
The river rat bites you.
You die...

....### #~≈~~~~.~~~~~.~.~~~~~.~~
......####.≈~≈≈≈≈≈≈≈≈≈≈≈≈≈≈≈≈≈≈≈≈
........##~≈~~~~~~...~~.~.~~~~.~~
##.....###~≈~####################
####### #.≈~# ###### ###### #.≈~#
#....# #....#
#~≈~#####''#####''#####
#~~~~~vrr............∩#
#.~~~.v@r............∩#
#~≈~#####'†#####''##### #.≈~#
#....# #?..?# #~≈~# ###### ######
##########~≈~####################
≈≈≈≈≈≈≈≈≈≈~≈~~~..~~~~~~~~~.~~~~~.
≈≈≈≈≈≈≈≈≈≈.≈≈≈≈≈≈≈≈≈≈≈≈≈≈≈≈≈≈≈≈≈≈
≈≈≈≈≈≈≈≈≈≈~~~.~~.~~.~~~~†~~~~~.~.
#################################


You could see 3 river rats.

Vanquished Creatures
  11 adders
  2 worms (Sewer)
  5 dart slugs
  12 ball pythons
  6 endoplasms
  4 giant cockroaches
  9 hobgoblins
  10 jackals
  2 quokkas (Sewer)
  10 bats
  3 frilled lizards
  5 goblins
  2 kobolds (D:1)
  4 rats
  4 butterflies (D:1)
89 creatures vanquished.

Vanquished Creatures (others)
  176 foxfires
176 creatures vanquished.

Grand Total: 265 creatures vanquished

Notes
Turn   | Place    | Note
-------+----------+-------------------------------------------
     0 | D:1      | suse60 the Djinni Fire Elementalist began the quest for the
                  | Orb.
     0 | D:1      | suse60 set off with the following spells memorised:
                  | Foxfire, Scorch, Volatile Blastmotes, Inner Flame, Flame
                  | Wave.
     0 | D:1      | Reached XP level 1. HP: 15/15 MP: 0/0
    82 | D:1      | Reached XP level 2. HP: 19/21 MP: 0/0
   242 | D:1      | Found Notep's Armour Shop.
   249 | D:1      | Reached XP level 3. HP: 23/25 MP: 0/0
   249 | D:1      | Learned a level 1 spell: Shock
   573 | D:2      | Reached skill level 3 in Spellcasting
   623 | D:2      | Reached XP level 4. HP: 31/31 MP: 0/0
  1541 | D:3      | Found a glowing drain.
  1546 | D:3      | Reached XP level 5. HP: 34/35 MP: 0/0
  1546 | D:3      | Learned a level 2 spell: Ensorcelled Hibernation
  1556 | Sewer    | Entered a sewer
  1795 | Sewer    | Reached skill level 4 in Spellcasting
  2153 | Sewer    | Reached XP level 6. HP: 39/40 MP: 0/0
  2183 | Sewer    | HP: 2/40 [river rat (8)]
  2185 | Sewer    | Slain by a river rat

Illustrated notes

Levels and vault maps discovered:
D:1:      spicycebolla_arrival_clurvy, layout_rooms, serial_shops,
          nicolae_shop_peninsula
D:2:      layout_basic
D:3:      layout_loops_ring, portal_sewer_entry_b,
          ebering_ecumenical_altar_rust, nicolae_shop_unique_rings,
          uniq_sigmund, uniq_jessica
Sewer:    sewer_fruit_machine

Skill      XL: |  1  2  3  4  5 |
---------------+----------------+-----
Stealth        | 2 |  2.2
Spellcasting   | 3 4 |  4.4
Dodging        | |  2.8

Action                     |  1- 3 |  4- 6 || total
---------------------------+-------+-------++-------
  Melee: Short sword       |     9 |    40 ||    49
         Punch             |     1 |     1 ||     2
   Cast: Foxfire           |    43 |    57 ||   100
    Use: Scroll            |     3 |     5 ||     8
         Potion            |       |     1 ||     1
   Stab: Sleeping          |     1 |     4 ||     5
 Armour: Robe              |     4 |    19 ||    23
  Dodge: Dodged            |    11 |    47 ||    58
